 Dungeon Sprint DCSS version 0.22-a0-353-g2d6336e (webtiles) character file.

4889 Hipnos the Imperceptible (level 10, -6/44 HPs)
             Began as a Spriggan Enchanter on Apr 15, 2018.
             Was the Champion of Jiyva.
             Mangled by a demonic crawler (11 damage)
             ... in the Dungeon (Sprint I: "Red Sonja").
             The game lasted 00:10:22 (711 turns).

Hipnos the Imperceptible (Spriggan Enchanter)        Turns: 711, Time: 00:10:23

Health: -6/44      AC:  3    Str:  5    XL:     10   Next: 26%
Magic:  16/26      EV: 28    Int: 17    God:    Jiyva [******]
Gold:   692        SH:  0    Dex: 21    Spells: 26/32 levels left

rFire    . . .     SeeInvis +   a - +2 dagger
rCold    . . .     Gourm    .   (shield restricted)
rNeg     . . .     Faith    .   (armour restricted)
rPois    .         Spirit   .   n - +1 hat
rElec    .         Reflect  .   k - +0 cloak
rCorr    +         Harm     .   (gloves unavailable)
MR       +....     NoTele   +   (boots unavailable)
Stlth    +++++++++.             (no amulet)
HPRegen  0.14/turn              (no ring)
MPRegen  0.20/turn              (no ring)

@: very quick
A: very small, unfitting armour, see invisible, agile 1, blink, herbivore, speed
3, sense surroundings 1, slow metabolism 2, acidic bite, eyeballs 1, gelatinous
body 1, pseudopods 1, translucent skin 1
a: Blink, Request Jelly, Slimify, Cure Bad Mutation, Renounce Religion


You were in the Dungeon.
You worshipped Jiyva.
Jiyva was exalted by your worship.
You were completely stuffed.

You visited 1 branch You collected 1009 gold pieces.
You spent 317 gold pieces at shops.

Inventory:

Hand Weapons
 a - a +2 dagger (weapon)
 c - a +0 short sword of draining
Armour
 b - a +0 robe
 k - a +0 cloak (worn)
 l - the +5 robe of Night {Dark MR+ SInv}
   (You found it in the Dungeon)

   It affects your resistance to hostile enchantments.
   It lets you see invisible.
 n - a +1 hat (worn)
Scrolls
 i - a scroll of remove curse
 j - a scroll of blinking
 m - 2 scrolls of identify
Potions
 e - a potion of curing
 f - a potion of heal wounds
 g - 2 potions of haste
 h - 2 potions of magic
Comestibles
 d - 2 rations


   Skills:
 + Level 0.7 Fighting
 + Level 7.8 Short Blades
 + Level 9.3 Dodging
 + Level 21.4 Stealth
 + Level 11.9 Spellcasting
 + Level 14.8 Hexes
 + Level 4.0 Ice Magic


You had 26 spell levels left.
You knew the following spells:

 Your Spells              Type           Power        Failure   Level  Hunger
a - Corona                Hex            ######.      0%          1    None
b - Ensorcelled Hibernat  Hex/Ice        #####.       1%          2    None
c - Confuse               Hex            ######..     1%          3    None


Dungeon Overview and Level Annotations

Branches:
Dungeon (1/1)

Altars:
Cheibriados
Dithmenos
Elyvilon
Fedhas
Gozag
Hepliaklqana
Kikubaaqudgha
Makhleb
Okawaru
Qazlal
Ru
Sif Muna
Trog
Uskayaw
Vehumet
Wu Jian
Xom
Yredelemnul
Zin
The Shining One
Jiyva
Lugonu

Shops:
D [?[((%%?!:*%}}[[


Innate Abilities, Weirdness & Mutations

You are very small and have problems with some larger weapons.
You are too small for most types of armour.
You have supernaturally acute eyesight. (SInv)
You are a herbivore.
You cover ground extremely quickly.
You need to consume almost no food.
You are agile. (Dex +2)
You can translocate small distances at will.
You passively map a small area around you.
You have acidic saliva.
Your body has grown golden eyes which may confuse attackers. (Acc +3)
Your rubbery body absorbs attacks. (AC +1, EV +1)
Armour fits poorly on your pseudopods.
Your translucent skin slightly reduces your foes' accuracy. (Stealth)


Message History

Aim: a demonic crawler (lightly wounded, clinging, chance to defeat MR: 13%)
Okay, then.
The demonic crawler is no longer covered in acid.
The demonic crawler completely misses you.
The demonic crawler closely misses you. The demonic crawler barely misses you.
There is an open door here.
The demonic crawler closely misses you.
The demonic crawler completely misses you.
The demonic crawler hits you! The demonic crawler closely misses you.
The demonic crawler misses you. The demonic crawler closely misses you.
The demonic crawler hits you.
* * * LOW HITPOINT WARNING * * *
The demonic crawler closely misses you.
The demonic crawler completely misses you.
The demonic crawler hits you.
* * * LOW HITPOINT WARNING * * *
The demonic crawler misses you. The demonic crawler barely misses you.
The demonic crawler hits you!
You die...

###################
#<.#..'..#.†'..#__#
#.@'..#.....#..'s..
#ss#####'#####'#__#
#..# #..#...#.####
#..#__####..##.#≈§§
#..#_____##'#_..§§§
#⌠⌠#_.∩...'..._#§≈§
####_..__##_.#'##'#
#_____ ##'#.#...
*#### * ##.####'#


You could see 2 demonic crawlers.

Vanquished Creatures
  2 centaur warriors (D)
  Sonja (D)
  A deep troll (D)
  2 unseen horrors (D)
  An oklob plant (D)
  A demonic crawler (D)
  A kobold demonologist (D)
  A hornet (D)
  A slime creature (D)
  Sigmund (D)
  A yak (D)
  A redback (D)
  An ogre (D)
  A necrophage (D)
  Ijyb (D)
17 creatures vanquished.

Vanquished Creatures (collateral kills)
  A redback (D)
  3 necrophages (D)
4 creatures vanquished.

Vanquished Creatures (others)
  8 shining eyes (D)
  A hornet (D)
  5 floating eyes (D)
  3 necrophages (D)
  28 jellies (D)
  A ballistomycete (D)
  2 ballistomycete spores (D)
48 creatures vanquished.

Grand Total: 69 creatures vanquished

Notes
Turn   | Place    | Note
-------+----------+-------------------------------------------
     0 | D        | Hipnos the Spriggan Enchanter began the quest for the Orb.
     0 | D        | Reached XP level 1. HP: 9/9 MP: 5/5
     2 | D        | Noticed Ijyb
    12 | D        | Killed Ijyb
    12 | D        | Reached skill level 6 in Stealth
    12 | D        | Reached skill level 5 in Hexes
    12 | D        | Reached XP level 2. HP: 4/13 MP: 5/7
    66 | D        | Learned a level 2 spell: Ensorcelled Hibernation
   234 | D        | Noticed an ogre
   265 | D        | Killed an ogre
   265 | D        | Reached skill level 5 in Dodging
   265 | D        | Reached skill level 8 in Stealth
   265 | D        | Reached skill level 5 in Spellcasting
   265 | D        | Reached XP level 3. HP: 11/16 MP: 3/10
   265 | D        | Reached XP level 4. HP: 14/21 MP: 3/12
   343 | D        | Noticed Sigmund
   346 | D        | Killed Sigmund
   346 | D        | Reached skill level 11 in Stealth
   346 | D        | Reached skill level 1 in Ice Magic
   346 | D        | Reached XP level 5. HP: 22/24 MP: 13/15
   358 | D        | Found a burning altar of Makhleb.
   358 | D        | Found a viscous altar of Jiyva.
   358 | D        | Found a shimmering altar of Xom.
   358 | D        | Found a corrupted altar of Lugonu.
   358 | D        | Noticed a slime creature
   363 | D        | Killed a slime creature
   363 | D        | Reached skill level 12 in Stealth
   363 | D        | Reached skill level 10 in Hexes
   363 | D        | Reached XP level 6. HP: 27/28 MP: 12/17
   364 | D        | Became a worshipper of Jiyva Joqus the Shapeless
   366 | D        | Found an ornate altar of the Wu Jian Council.
   366 | D        | Found a deep blue altar of Sif Muna.
   368 | D        | Found a radiant altar of Vehumet.
   369 | D        | Reached * piety under Jiyva
   375 | D        | Found Ecieror's Antique Armour Emporium.
   375 | D        | Found an ancient bone altar of Kikubaaqudgha.
   375 | D        | Found a stormy altar of Qazlal.
   375 | D        | Found a blossoming altar of Fedhas.
   375 | D        | Found a bloodstained altar of Trog.
   375 | D        | Found an iron altar of Okawaru.
   375 | D        | Found a glowing golden altar of the Shining One.
   375 | D        | Found a glowing silver altar of Zin.
   375 | D        | Found a white marble altar of Elyvilon.
   375 | D        | Noticed a yak
   375 | D        | Reached ** piety under Jiyva
   376 | D        | Found a hazy altar of Hepliaklqana.
   376 | D        | Found a hide-covered altar of Uskayaw.
   376 | D        | Found a basalt altar of Yredelemnul.
   376 | D        | Found an opulent altar of Gozag.
   376 | D        | Found a snail-covered altar of Cheibriados.
   376 | D        | Found a sacrificial altar of Ru.
   376 | D        | Found a shadowy altar of Dithmenos.
   377 | D        | Killed a yak
   377 | D        | Reached skill level 13 in Stealth
   377 | D        | Reached XP level 7. HP: 32/32 MP: 14/19
   387 | D        | Reached *** piety under Jiyva
   387 | D        | Gained mutation: Your mind is acute. (Int +2) [Jiyva's grace]
   395 | D        | Noticed Sonja
   399 | D        | Killed Sonja
   399 | D        | Reached skill level 5 in Short Blades
   399 | D        | Reached skill level 15 in Stealth
   399 | D        | Reached XP level 8. HP: 36/36 MP: 18/22
   400 | D        | Reached **** piety under Jiyva
   400 | D        | Gained mutation: You have sharp toenails. [Jiyva's grace]
   413 | D        | Noticed a deep troll
   417 | D        | Killed a deep troll
   417 | D        | Reached skill level 17 in Stealth
   417 | D        | Reached skill level 10 in Spellcasting
   420 | D        | Noticed a centaur warrior
   421 | D        | Killed a centaur warrior
   421 | D        | Reached XP level 9. HP: 39/39 MP: 21/24
   431 | D        | Found Rulunocu's Armour Emporium.
   441 | D        | Gained mutation: You have a pair of small horns on your head. [Jiyva's grace]
   441 | D        | Reached ***** piety under Jiyva
   450 | D        | Lost mutation: You have a pair of small horns on your head. [Jiyva's grace]
   453 | D        | Gained mutation: Your translucent skin slightly reduces your foes' accuracy. (Stealth) [Jiyva's grace]
   453 | D        | Reached ****** piety under Jiyva
   453 | D        | Gained mutation: You are partially covered in thin metallic scales. (AC +2) [Jiyva's grace]
   459 | D        | Noticed a centaur warrior
   461 | D        | Killed a centaur warrior
   461 | D        | Reached skill level 19 in Stealth
   475 | D        | Gained mutation: Your body has grown golden eyes which may confuse attackers. (Acc +3) [Jiyva's grace]
   479 | D        | Lost mutation: Your translucent skin slightly reduces your foes' accuracy. (Stealth) [Jiyva's grace]
   483 | D        | Noticed an oklob plant
   484 | D        | Lost mutation: Your body has grown golden eyes which may confuse attackers. (Acc +3) [Jiyva's grace]
   493 | D        | Learned a level 3 spell: Confuse
   494 | D        | Lost mutation: Your mind is acute. (Int +2) [Jiyva's grace]
   498 | D        | Gained mutation: You have razor-sharp toenails. [Jiyva's grace]
   502 | D        | Killed a shining eye
   503 | D        | Killed an oklob plant
   505 | D        | Gained mutation: Your mind is acute. (Int +2) [Jiyva's grace]
   519 | D        | Lost mutation: Your mind is acute. (Int +2) [Jiyva's grace]
   520 | D        | Lost mutation: You have razor-sharp toenails. [Jiyva's grace]
   524 | D        | Lost mutation: You have sharp toenails. [Jiyva's grace]
   526 | D        | Reached skill level 20 in Stealth
   527 | D        | Gained mutation: Your rubbery body absorbs attacks. (AC +1, EV +1) [Jiyva's grace]
   531 | D        | Noticed an unseen horror
   531 | D        | Noticed an unseen horror
   535 | D        | Lost mutation: You are partially covered in thin metallic scales. (AC +2) [Jiyva's grace]
   537 | D        | Killed an unseen horror
   537 | D        | Reached XP level 10. HP: 43/44 MP: 26/26
   539 | D        | Killed an unseen horror
   539 | D        | Reached skill level 21 in Stealth
   540 | D        | Gained mutation: Your body has grown golden eyes which may confuse attackers. (Acc +3) [Jiyva's grace]
   543 | D        | Found the +5 robe of Night {Dark MR+ SInv}
   548 | D        | Killed a shining eye
   550 | D        | Gained mutation: Armour fits poorly on your pseudopods. [Jiyva's grace]
   553 | D        | Gained mutation: You have acidic saliva. [Jiyva's grace]
   554 | D        | Gained mutation: Your spells are a little easier to cast, but a little less powerful. [Jiyva's grace]
   555 | D        | Lost mutation: Your spells are a little easier to cast, but a little less powerful. [Jiyva's grace]
   559 | D        | Gained mutation: Your translucent skin slightly reduces your foes' accuracy. (Stealth) [Jiyva's grace]
   559 | D        | Gained mutation: You are covered in fur. (AC +1) [Jiyva's grace]
   564 | D        | Gained mutation: Your translucent skin reduces your foes' accuracy. (Stealth) [Jiyva's grace]
   566 | D        | Killed a shining eye
   575 | D        | Lost mutation: You are covered in fur. (AC +1) [Jiyva's grace]
   576 | D        | Gained mutation: You are robust. (+10% HP) [Jiyva's grace]
   581 | D        | Lost mutation: Your rubbery body absorbs attacks. (AC +1, EV +1) [Jiyva's grace]
   584 | D        | Found Atady's Armour Shoppe.
   584 | D        | Found Ewnaycli's Magic Scroll Shop.
   584 | D        | Found Tualeic's Weapon Boutique.
   584 | D        | Lost mutation: You are robust. (+10% HP) [Jiyva's grace]
   586 | D        | Found Neemnyor's Weapon Emporium.
   586 | D        | Found Nouhel's Food Shop.
   586 | D        | Found Plog's Food Shoppe.
   586 | D        | Found Uxe Rownit's Magic Scroll Boutique.
   586 | D        | Found Tyeg's Distillery.
   586 | D        | Found Mur Vut's Book Shop.
   586 | D        | Found Orghebrast's General Store.
   586 | D        | Lost mutation: Your translucent skin reduces your foes' accuracy. (Stealth) [Jiyva's grace]
   588 | D        | Bought a scroll of identify for 22 gold pieces
   588 | D        | Bought a scroll of identify for 22 gold pieces
   590 | D        | Found Qucy's Food Boutique.
   591 | D        | Found Donuan's Gadget Emporium.
   591 | D        | Found Qeufye's Gadget Boutique.
   592 | D        | Found Dexat's Antique Armour Emporium.
   594 | D        | Bought a scroll of enchant weapon for 105 gold pieces
   594 | D        | Gained mutation: You passively map a small area around you. [Jiyva's grace]
   601 | D        | Gained mutation: Your rubbery body absorbs attacks. (AC +1, EV +1) [Jiyva's grace]
   602 | D        | Bought a runed hat for 168 gold pieces
   604 | D        | Gained mutation: You are agile. (Dex +2) [Jiyva's grace]
   606 | D        | Killed a shining eye
   606 | D        | Gained mutation: You can translocate small distances at will. [Jiyva's grace]
   628 | D        | Killed a shining eye
   633 | D        | Killed a shining eye
   634 | D        | Killed a shining eye
   663 | D        | Noticed a gargoyle
   689 | D        | Killed a shining eye
   711 | D        | Mangled by a demonic crawler

Vault maps used:
D:        dungeon_sprint_1

Skill      XL: |  1  2  3  4  5  6  7  8  9 10 |
---------------+-------------------------------+-----
Dodging        | 4 5 6 7 8 9 |  9.3
Stealth        | 6 8 11 12 13 15 17 20 21 | 21.4
Spellcasting   | 3 5 6 7 8 9 10 11 | 11.9
Hexes          | 5 7 9 10 11 12 13 14 | 14.8
Short Blades   | 2 3 4 5 7 |  7.8
Ice Magic      | 1 2 3 4 |  4.0
Fighting       | |  0.7

Action                   |  1- 3 |  4- 6 |  7- 9 | 10-12 || total
-------------------------+-------+-------+-------+-------++-------
Melee: Dagger            |    16 |     4 |    27 |    19 ||    66
       Kick              |       |       |     6 |       ||     6
       Pseudopods        |       |       |       |     2 ||     2
       Bite              |       |       |       |     1 ||     1
 Cast: Ensorcelled Hiber |     3 |     1 |     3 |       ||     7
       Confuse           |       |       |     1 |     5 ||     6
  Use: Potion            |     1 |       |       |       ||     1
       Scroll            |       |       |       |     2 ||     2
 Stab: Sleeping          |     2 |     4 |     5 |     2 ||    13
       Distracted        |       |       |     1 |       ||     1
       Confused          |       |       |     2 |     1 ||     3
Armor: Robe              |       |       |     1 |     2 ||     3
       Skin              |       |       |       |     1 ||     1
Dodge: Dodged            |     9 |     1 |    11 |    50 ||    71

Table legend:
 A = Spawn XP
 B = Non-spawn XP
 C = Spawn XP percentage of total XP
 D = Spawn monster count
 E = Non-spawn monster count
 F = Spawn count percentage of total count
 G = Total turns spent on level
                    A         B        C        D         E        F      G
               +---------+---------+-------+---------+---------+-------+---------
         Total |       0 |    6985 |   0.0 |       0 |      23 |   0.0 |   711
               +---------+---------+-------+---------+---------+-------+---------
             D |       0 |    6985 |   0.0 |       0 |      23 |   0.0 |   711
               +---------+---------+-------+---------+---------+-------+---------
